[Event "Netanya Open 2019"]
[Site "Netanya"]
[Date "2019.06.26"]
[Round "4.70"]
[White "Sivan, Guy"]
[Black "Usha Margolin, Daniel"]
[Result "0-1"]
[WhiteElo "1246"]
[BlackElo "1437"]
[PlyCount "104"]
[EventDate "2019.06.23"]
[EventType "swiss"]
[EventRounds "9"]
[EventCountry "ISR"]
[TimeControl "40/5400+30:1800+30"]

1. e4 e5 2. Nf3 Nc6 3. d4 exd4 4. Bc4 Bc5 5. c3 d3 6. Qxd3 d6 7. O-O Nge7 8. Bf4 O-O 9. Nbd2 Bg4 10. h3 Bd7 11. Nb3 Bb6 12. Nfd4 Ng6 13. Bg3 Nce5 14. Qe2 Nxc4 15. Qxc4 Ne5 16. Qe2 Re8 17. a4 a6 18. f4 Nc6 19. Kh1 Qe7 20. Rfe1 f6 21. Qf3 Qf7 22. a5 Ba7 23. Rad1 Re7 24. Bh4 Nd8 25. g4 c5 26. Nf5 Bxf5 27. exf5 Rxe1+ 28. Rxe1 Qxb3 29. g5 fxg5 30. Bxg5 Nc6 31. f6 g6 32. f5 Qf7 33. Re6 Ne5 34. Qe4 Nc6 35. Rxd6 Re8 36. Re6 Rd8 37. Kg2 Bb8 38. Bh6 Bd6 39. Qd3 Bf4 40. Rxc6 Ra8 41. Re6 Bxh6 42. Re7 Qxf6 43. Qd5+ Kh8 44. Rxh7+ Kxh7 45. Qxb7+ Bg7 46. Qxa8 Qg5+ 47. Kh1 Qc1+ 48. Kg2 Qxb2+ 49. Kh1 Qc1+ 50. Kg2 Qd2+ 51. Kf1 Qd3+ 52. Kg2 Qe2+ 0-1

[Event "Netanya Open 2019"]
[Site "Netanya"]
[Date "2019.06.27"]
[Round "5.2"]
[White "Antipov, Mikhail Al."]
[Black "Huzman, Alexander"]
[Result "1-0"]
[ECO "C42"]
[WhiteElo "2582"]
[BlackElo "2588"]
[Annotator "ChessBase"]
[PlyCount "81"]
[EventDate "2019.06.23"]
[EventType "swiss"]
[EventCountry "ISR"]
[SourceTitle "playchess.com"]
[Source "ChessBase"]
[SourceQuality "1"]
[TimeControl "40/5400+30:1800+30"]

1. e4 e5 2. Nf3 Nf6 3. Nxe5 d6 4. Nf3 Nxe4 5. d4 d5 6. Bd3 Be7 7. O-O Nc6 8. Nbd2 Bf5 9. Re1 Nd6 10. Nf1 O-O 11. Bf4 Bg6 12. Ne3 Be4 13. c3 Re8 14. Bc2 g6 15. a4 Bxc2 16. Qxc2 Nc4 17. Nxc4 dxc4 18. Qe2 Bd6 19. Be3 Na5 20. Nd2 Qh4 21. g3 Qh5 22. Qxh5 gxh5 23. Kg2 f6 24. Kf3 Kf7 25. Bf4 Bxf4 26. gxf4 Rxe1 27. Rxe1 Rd8 28. Nf1 c5 29. dxc5 Nb3 30. Re4 Rd1 31. Ne3 Nd2+ 32. Ke2 Nxe4 33. Kxd1 Nxc5 34. a5 Ke6 35. Nxc4 Kd5 36. Nd2 Nd3 37. b4 Nxf2+ 38. Ke2 Ne4 39. c4+ Kd4 40. Nxe4 Kxe4 41. c5 1-0

[Event "Netanya Open 2019"]
[Site "Netanya"]
[Date "2019.06.27"]
[Round "5.3"]
[White "Gorodetzky, David"]
[Black "Dvoirys, Semen I."]
[Result "1-0"]
[ECO "D85"]
[WhiteElo "2461"]
[BlackElo "2502"]
[Annotator "ChessBase"]
[PlyCount "67"]
[EventDate "2019.06.23"]
[EventType "swiss"]
[EventCountry "ISR"]
[SourceTitle "playchess.com"]
[Source "ChessBase"]
[SourceQuality "1"]
[TimeControl "40/5400+30:1800+30"]

1. d4 Nf6 2. c4 g6 3. Nc3 d5 4. cxd5 Nxd5 5. e4 Nxc3 6. bxc3 Bg7 7. Nf3 c5 8. Rb1 O-O 9. Be2 Qa5 10. O-O Qxa2 11. Bg5 Re8 12. Bb5 Bd7 13. Bxd7 Nxd7 14. Rxb7 Nf6 15. Qd3 cxd4 16. cxd4 Rab8 17. Rfb1 Rxb7 18. Rxb7 a5 19. h3 h6 20. Bxf6 exf6 21. d5 a4 22. Qb5 Rd8 23. Qb6 Rf8 24. d6 Qe6 25. Re7 Qc8 26. d7 Qa8 27. Qb5 Rd8 28. Re8+ Bf8 29. Rxd8 Qxd8 30. Qxa4 Qc7 31. g3 Bc5 32. Kg2 Bb6 33. Qa8+ Kg7 34. Qd5 1-0

[Event "Netanya Open 2019"]
[Site "Netanya"]
[Date "2019.06.27"]
[Round "5.8"]
[White "Zubov, Alexander"]
[Black "Abergel, Thal"]
[Result "1-0"]
[ECO "D20"]
[WhiteElo "2597"]
[BlackElo "2450"]
[Annotator "ChessBase"]
[PlyCount "127"]
[EventDate "2019.06.23"]
[EventType "swiss"]
[EventCountry "ISR"]
[SourceTitle "playchess.com"]
[Source "ChessBase"]
[SourceQuality "1"]
[TimeControl "40/5400+30:1800+30"]

1. d4 d5 2. c4 dxc4 3. e3 b5 4. a4 b4 5. Bxc4 e6 6. Qf3 c6 7. Qe2 Nf6 8. Nf3 Be7 9. O-O O-O 10. e4 a5 11. Nbd2 Ba6 12. e5 Nd5 13. Nb3 Qb6 14. Bg5 Nd7 15. Rfc1 Bxc4 16. Qxc4 h6 17. Bxe7 Nxe7 18. Nfd2 Qa7 19. Ne4 Nb6 20. Qe2 Rfd8 21. Nd6 Nbc8 22. Nc4 Rd5 23. Ne3 Rd7 24. Rc5 Qc7 25. Nc4 Rd5 26. Rc1 Rxc5 27. dxc5 Nd5 28. Qe4 Nce7 29. Rd1 Rf8 30. Nd6 Qa7 31. g3 Qd7 32. Re1 Qa7 33. Kg2 f5 34. exf6 Rxf6 35. Ne8 Rg6 36. Nd6 Rf6 37. Nc4 Ng6 38. Ne5 Nxe5 39. Qxe5 Qf7 40. Qe2 Qg6 41. Kf1 Qf5 42. Nd4 Qh3+ 43. Kg1 Nf4 44. Qf3 Nd5 45. Qe4 Qh5 46. Nxc6 Kh8 47. Nd4 Qf7 48. Nxe6 Nc7 49. Nxc7 Qxc7 50. Qe7 Qxe7 51. Rxe7 Rf5 52. c6 Rc5 53. c7 Kh7 54. Kg2 Kg6 55. Kf3 Kf6 56. Rd7 g6 57. Ke4 Ke6 58. Rg7 Kd6 59. b3 Re5+ 60. Kd3 Rd5+ 61. Ke2 Re5+ 62. Kf1 Rc5 63. Rxg6+ Kd5 64. Rg7 1-0

[Event "Netanya Open 2019"]
[Site "Netanya"]
[Date "2019.06.27"]
[Round "5.9"]
[White "Mindlin, Alon"]
[Black "Mikhalevski, Victor"]
[Result "0-1"]
[ECO "B22"]
[WhiteElo "2454"]
[BlackElo "2579"]
[Annotator "ChessBase"]
[PlyCount "86"]
[EventDate "2019.06.23"]
[EventType "swiss"]
[EventCountry "ISR"]
[SourceTitle "playchess.com"]
[Source "ChessBase"]
[SourceQuality "1"]
[TimeControl "40/5400+30:1800+30"]

1. Nf3 g6 2. e4 c5 3. c3 Nf6 4. e5 Nd5 5. d4 cxd4 6. cxd4 Bg7 7. Bc4 Nb6 8. Bb3 d5 9. exd6 Qxd6 10. O-O O-O 11. Nc3 Bg4 12. h3 Bxf3 13. Qxf3 Nc6 14. Be3 Qb4 15. Rfd1 Rad8 16. Ne2 e6 17. Rac1 Nd5 18. Nc3 Nxe3 19. fxe3 Na5 20. Ne4 Nxb3 21. axb3 b6 22. Rc7 Qxb3 23. Rxa7 e5 24. d5 f5 25. Ng5 e4 26. Rxg7+ Kxg7 27. Ne6+ Kg8 28. Qe2 Rxd5 29. Rxd5 Qxd5 30. Nxf8 Kxf8 31. h4 Qd3 32. Qe1 Kf7 33. Qc1 Qd6 34. Qc3 Qc5 35. Qb3+ Kg7 36. Kh2 Qd6+ 37. g3 Qd2+ 38. Kh3 Qe1 39. Kg2 Qe2+ 40. Kg1 b5 41. h5 Qd3 42. Qe6 Qxe3+ 43. Kh2 Qf2+ 0-1

[Event "Netanya Open 2019"]
[Site "Netanya"]
[Date "2019.06.27"]
[Round "5.10"]
[White "Sivuk, Vitaly"]
[Black "Erenberg, Ariel"]
[Result "1/2-1/2"]
[ECO "A05"]
[WhiteElo "2547"]
[BlackElo "2434"]
[Annotator "ChessBase"]
[PlyCount "102"]
[EventDate "2019.06.23"]
[EventType "swiss"]
[EventCountry "ISR"]
[SourceTitle "playchess.com"]
[Source "ChessBase"]
[SourceQuality "1"]
[TimeControl "40/5400+30:1800+30"]

1. Nf3 Nf6 2. g3 e6 3. Bg2 d5 4. O-O b5 5. d3 Bb7 6. c4 bxc4 7. dxc4 Nbd7 8. cxd5 Nxd5 9. Bg5 Be7 10. Bxe7 Qxe7 11. Nbd2 O-O 12. Rc1 c5 13. a3 Rfc8 14. Nc4 Ba6 15. Nfd2 N7b6 16. b3 Rab8 17. Qc2 Nxc4 18. Nxc4 Bxc4 19. Qxc4 Nb6 20. Qa6 g6 21. Rc2 Rc7 22. Rfc1 Rbc8 23. e3 h5 24. h4 Qd6 25. Bf1 Qd5 26. Rc3 Kg7 27. Qb5 Qd6 28. Qa6 Kg8 29. R3c2 Qd5 30. Bc4 Qd6 31. Be2 Qd5 32. Qb5 Qd6 33. Rd1 Qe7 34. Qa6 Rc6 35. Rdc1 Nd5 36. Qa5 Qd6 37. Kg2 R6c7 38. Qa6 Qb6 39. b4 c4 40. Qxb6 Nxb6 41. Kf3 Kf8 42. e4 e5 43. Ke3 Ke7 44. f4 f6 45. Rc3 Kf8 46. fxe5 fxe5 47. Bd1 Rd8 48. a4 Rd4 49. Bb3 Rcd7 50. Bxc4 Nxa4 51. R3c2 Nb6 1/2-1/2

[Event "Netanya Open 2019"]
[Site "Netanya"]
[Date "2019.06.27"]
[Round "5.11"]
[White "Shubin, Kirill"]
[Black "Rozentalis, Eduardas"]
[Result "1/2-1/2"]
[ECO "B13"]
[WhiteElo "2426"]
[BlackElo "2540"]
[Annotator "ChessBase"]
[PlyCount "127"]
[EventDate "2019.06.23"]
[EventType "swiss"]
[EventCountry "ISR"]
[SourceTitle "playchess.com"]
[Source "ChessBase"]
[SourceQuality "1"]
[TimeControl "40/5400+30:1800+30"]

1. e4 c6 2. d4 d5 3. exd5 cxd5 4. Bd3 Nc6 5. c3 Nf6 6. Bf4 Bg4 7. Qb3 Qd7 8. Nd2 e6 9. Ngf3 Bd6 10. Bxd6 Qxd6 11. O-O O-O 12. Rfe1 Bxf3 13. Nxf3 Rab8 14. a4 Qc7 15. Qc2 Rfc8 16. Qe2 a6 17. h4 Na5 18. Ne5 Nc4 19. Bxc4 dxc4 20. a5 Nd7 21. Qf3 Nxe5 22. Rxe5 b6 23. Rae1 bxa5 24. d5 Rb5 25. R5e3 Rxb2 26. dxe6 fxe6 27. Rxe6 Rf8 28. Re8 Qf7 29. Rxf8+ Qxf8 30. Qd5+ Kh8 31. Qc5 Rb8 32. Qxf8+ Rxf8 33. Re5 Rb8 34. Rxa5 Rb1+ 35. Kh2 Rc1 36. Rc5 h6 37. Rxc4 a5 38. h5 a4 39. Rxa4 Rxc3 40. f3 Kh7 41. Ra7 Kg8 42. Kh3 Rb3 43. Kg4 Rb4+ 44. f4 Rb2 45. g3 Rb3 46. Ra4 Kf7 47. Kh4 Rc3 48. g4 Rb3 49. g5 hxg5+ 50. fxg5 Rb8 51. g6+ Kg8 52. Ra7 Rc8 53. Kg5 Rb8 54. Kf5 Rc8 55. Ke6 Rb8 56. Ke7 Rc8 57. Rd7 Ra8 58. Rd8+ Rxd8 59. Kxd8 Kh8 60. Ke8 Kg8 61. Ke7 Kh8 62. h6 Kg8 63. h7+ Kh8 64. Ke6 1/2-1/2

[Event "Netanya Open 2019"]
[Site "Netanya"]
[Date "2019.06.27"]
[Round "5.12"]
[White "Kogan, Arthur"]
[Black "Kantsler, Boris"]
[Result "1/2-1/2"]
[ECO "B06"]
[WhiteElo "2535"]
[BlackElo "2420"]
[Annotator "ChessBase"]
[PlyCount "53"]
[EventDate "2019.06.23"]
[EventType "swiss"]
[EventCountry "ISR"]
[SourceTitle "playchess.com"]
[Source "ChessBase"]
[SourceQuality "1"]
[TimeControl "40/5400+30:1800+30"]

1. e4 g6 2. d4 Bg7 3. Nc3 d6 4. Bg5 a6 5. Qd2 b5 6. f3 Nd7 7. Nge2 c5 8. dxc5 Nxc5 9. Nd4 Bb7 10. O-O-O Rc8 11. Kb1 Qa5 12. h4 h5 13. a3 Nd7 14. Nb3 Qc7 15. Nd5 Bxd5 16. exd5 Ngf6 17. c3 Nb6 18. Bxf6 Bxf6 19. f4 Nc4 20. Bxc4 Qxc4 21. Na5 Qe4+ 22. Ka2 O-O 23. g3 Rc5 24. Rhe1 Qf5 25. Qd3 Qxd3 26. Rxd3 Rfc8 27. Re4 1/2-1/2

[Event "Netanya Open 2019"]
[Site "Netanya"]
[Date "2019.06.27"]
[Round "5.13"]
[White "Baron, Tal"]
[Black "Birnboim, Nathan"]
[Result "1/2-1/2"]
[ECO "A58"]
[WhiteElo "2524"]
[BlackElo "2379"]
[Annotator "ChessBase"]
[PlyCount "70"]
[EventDate "2019.06.23"]
[EventType "swiss"]
[EventCountry "ISR"]
[SourceTitle "playchess.com"]
[Source "ChessBase"]
[SourceQuality "1"]
[TimeControl "40/5400+30:1800+30"]

1. d4 Nf6 2. c4 c5 3. d5 b5 4. Nf3 g6 5. cxb5 Bg7 6. Nc3 O-O 7. e4 d6 8. Be2 a6 9. bxa6 Bxa6 10. O-O Nbd7 11. Re1 Qc7 12. Bf4 Ng4 13. Rc1 Rfb8 14. b3 Qa7 15. Nd2 Nge5 16. a4 Nd3 17. Bxd3 Bxd3 18. Nf3 Ba6 19. e5 Rb4 20. Bg3 Qb6 21. exd6 exd6 22. Ne4 Rxb3 23. Nxd6 Rd3 24. Qe2 Nf6 25. Rb1 Rb3 26. Qc2 c4 27. Nd2 Rxb1 28. Rxb1 Qc5 29. N2xc4 Nxd5 30. h3 Nc3 31. Rb3 Qd4 32. Rb4 Nd5 33. Rb1 Nc3 34. Rb4 Nd5 35. Rb1 Nc3 1/2-1/2

[Event "Netanya Open 2019"]
[Site "Netanya"]
[Date "2019.06.27"]
[Round "5.14"]
[White "Bronstein, Or"]
[Black "Greenfeld, Alon"]
[Result "1-0"]
[ECO "D20"]
[WhiteElo "2378"]
[BlackElo "2513"]
[Annotator "ChessBase"]
[PlyCount "109"]
[EventDate "2019.06.23"]
[EventType "swiss"]
[EventCountry "ISR"]
[SourceTitle "playchess.com"]
[Source "ChessBase"]
[SourceQuality "1"]
[TimeControl "40/5400+30:1800+30"]

1. d4 d5 2. c4 dxc4 3. e4 Nf6 4. e5 Nd5 5. Bxc4 Bf5 6. Qb3 c6 7. Bxd5 cxd5 8. Qxb7 Qc8 9. Qxc8+ Bxc8 10. Nc3 e6 11. Nge2 Ba6 12. Be3 Nc6 13. Kd2 Rb8 14. Rab1 Kd7 15. Rhc1 Na5 16. Na4 Bb4+ 17. Kd1 Bd3 18. Ra1 Nc4 19. Nf4 Bf1 20. a3 Be7 21. Ke1 Nxe3 22. fxe3 Bc4 23. Kd2 Rb3 24. Rc3 Rxc3 25. Kxc3 Bb5 26. Nc5+ Bxc5 27. dxc5 a5 28. b4 Ra8 29. Rb1 axb4+ 30. axb4 g5 31. Nh3 h6 32. Nf2 Kc6 33. Nd1 Ra3+ 34. Kb2 Ra4 35. Kb3 Ra7 36. Nc3 Bd3 37. Rd1 Bc4+ 38. Kc2 Ra3 39. Rb1 h5 40. Kb2 Rb3+ 41. Kc2 Ra3 42. g3 g4 43. Kd2 Ra8 44. Rb2 Ra1 45. Nb1 Ra8 46. Kc3 Ba2 47. Kd4 Bxb1 48. b5+ Kb7 49. Rxb1 Ra4+ 50. Kd3 Ra3+ 51. Kd2 Ra2+ 52. Kc3 Ra4 53. Rb4 Ra3+ 54. Kb2 Rxe3 55. b6 1-0

[Event "Netanya Open 2019"]
[Site "Netanya"]
[Date "2019.06.27"]
[Round "5.15"]
[White "Goikhman, Valentin"]
[Black "Rechlis, Gad"]
[Result "0-1"]
[ECO "B48"]
[WhiteElo "2320"]
[BlackElo "2506"]
[Annotator "ChessBase"]
[PlyCount "64"]
[EventDate "2019.06.23"]
[EventType "swiss"]
[EventCountry "ISR"]
[SourceTitle "playchess.com"]
[Source "ChessBase"]
[SourceQuality "1"]
[TimeControl "40/5400+30:1800+30"]

1. e4 c5 2. Nf3 e6 3. d4 cxd4 4. Nxd4 Nc6 5. Nc3 Qc7 6. Be3 a6 7. Bd3 Nf6 8. O-O b5 9. Re1 Bb7 10. Nxc6 Qxc6 11. a3 Be7 12. Qf3 O-O 13. Qh3 d6 14. Rad1 Rfd8 15. f4 h5 16. Kh1 Qc7 17. Bg1 e5 18. Qg3 d5 19. fxe5 Nxe4 20. Qf3 Qxe5 21. Nxd5 Bxd5 22. Bxe4 Bxe4 23. Rxe4 Qf6 24. Qxh5 Qg5 25. Qxg5 Bxg5 26. Ree1 Rxd1 27. Rxd1 Re8 28. Rd5 Bc1 29. b3 Re1 30. Rd3 Bxa3 31. g4 Bc5 32. Rg3 a5 0-1

[Event "Netanya Open 2019"]
[Site "Netanya"]
[Date "2019.06.27"]
[Round "5.17"]
[White "Zanan, Evgeny"]
[Black "Musyuk, Lior"]
[Result "1/2-1/2"]
[ECO "D41"]
[WhiteElo "2505"]
[BlackElo "2190"]
[Annotator "ChessBase"]
[PlyCount "83"]
[EventDate "2019.06.23"]
[EventType "swiss"]
[EventCountry "ISR"]
[SourceTitle "playchess.com"]
[Source "ChessBase"]
[SourceQuality "1"]
[TimeControl "40/5400+30:1800+30"]

1. d4 Nf6 2. c4 e6 3. Nc3 d5 4. cxd5 Nxd5 5. e4 Nxc3 6. bxc3 c5 7. Nf3 cxd4 8. cxd4 Bb4+ 9. Bd2 Bxd2+ 10. Qxd2 O-O 11. Bc4 Nc6 12. O-O b6 13. Rad1 Bb7 14. Rfe1 Rc8 15. Bf1 Qd6 16. e5 Qe7 17. d5 exd5 18. Bd3 Qb4 19. Qg5 h6 20. Qf5 g6 21. Qd7 Qe7 22. Qg4 Kg7 23. h4 h5 24. Qg3 Qe6 25. Bb5 Qg4 26. Qh2 d4 27. Bxc6 Bxc6 28. Rxd4 Bxf3 29. Rxg4 Bxg4 30. Qf4 Be6 31. Rc1 Rc5 32. a3 Rfc8 33. Rd1 Rc3 34. Qf6+ Kh7 35. Kh2 Rxa3 36. Qe7 Rac3 37. Qxa7 b5 38. Qb6 R3c5 39. Rb1 Rxe5 40. Rxb5 Rxb5 41. Qxb5 Rc4 42. Qg5 1/2-1/2

[Event "Netanya Open 2019"]
[Site "Netanya"]
[Date "2019.06.27"]
[Round "5.18"]
[White "Veinberg, Nimrod"]
[Black "Karp, Michael"]
[Result "1-0"]
[ECO "D02"]
[WhiteElo "2401"]
[BlackElo "2194"]
[Annotator "NA"]
[PlyCount "91"]
[EventDate "2019.06.23"]
[EventType "swiss"]
[EventCountry "ISR"]
[SourceTitle "playchess.com"]
[Source "ChessBase"]
[SourceQuality "1"]
[TimeControl "40/5400+30:1800+30"]

1. d4 d5 2. Nf3 Nf6 3. Bf4 c5 4. e3 Nc6 5. Nbd2 Qb6 6. dxc5 Qxb2 7. Rb1 Qc3 8. Rb3 Qxc5 9. c4 e6 10. Be2 Qa5 11. O-O Bb4 12. cxd5 exd5 13. a3 Be7 14. Rb5 Qd8 15. Qc2 O-O 16. Rd1 a6 17. Rb3 Nd7 18. e4 Nc5 19. Rbb1 Ne6 20. Be3 d4 21. Nb3 Bxa3 22. Nbxd4 Nexd4 23. Nxd4 Nxd4 24. Bxd4 Qg5 25. Rb3 Bd6 26. Bxg7 Be6 27. Bxf8 Bxb3 28. Qxb3 Bxf8 29. Rd7 Qg7 30. Qxb7 Re8 31. Bxa6 Bc5 32. Qd5 Be7 33. g3 Qf6 34. Bc4 Rd8 35. e5 Rxd7 36. Qxd7 Qxe5 37. Qe8+ Kg7 38. Qxf7+ Kh6 39. Bd3 Qg7 40. Qe6+ Qf6 41. Qh3+ Kg7 42. Qxh7+ Kf8 43. Qf5 Qxf5 44. Bxf5 Kg7 45. Kg2 Bc5 46. f4 1-0

[Event "Netanya Open 2019"]
[Site "Netanya"]
[Date "2019.06.27"]
[Round "5.19"]
[White "Lahav, Michal"]
[Black "Krayz, Alexander"]
[Result "1/2-1/2"]
[ECO "B05"]
[WhiteElo "2178"]
[BlackElo "2377"]
[Annotator "NA"]
[PlyCount "85"]
[EventDate "2019.06.23"]
[EventType "swiss"]
[EventCountry "ISR"]
[SourceTitle "playchess.com"]
[Source "ChessBase"]
[SourceQuality "1"]
[TimeControl "40/5400+30:1800+30"]

1. e4 Nf6 2. e5 Nd5 3. d4 d6 4. Nf3 Bg4 5. Be2 e6 6. O-O Be7 7. h3 Bh5 8. c4 Nb6 9. Nc3 O-O 10. Be3 N8d7 11. exd6 cxd6 12. b3 Nf6 13. Rc1 Nbd7 14. Ne1 Bxe2 15. Qxe2 Qa5 16. Nd3 h6 17. Qf3 Rfb8 18. Rfd1 Nf8 19. Bf4 Ng6 20. Bg3 Qh5 21. Qxh5 Nxh5 22. Bh2 Nf6 23. c5 Rd8 24. b4 Nh4 25. Nb2 h5 26. Nc4 Nf5 27. Nb5 dxc5 28. dxc5 Nd5 29. a3 Bg5 30. Ra1 Bf6 31. Rac1 h4 32. Nc7 Nc3 33. Nxa8 Nxd1 34. Nc7 Nc3 35. Kf1 Ne4 36. Nb5 Nd2+ 37. Ke2 Nxc4 38. Rxc4 e5 39. Nxa7 Nd4+ 40. Ke1 Ra8 41. c6 bxc6 42. Nxc6 Nxc6 43. Rxc6 1/2-1/2

[Event "Netanya Open 2019"]
[Site "Netanya"]
[Date "2019.06.27"]
[Round "5.20"]
[White "Gorshtein, Ido"]
[Black "Gleizer, Mark"]
[Result "1-0"]
[ECO "A40"]
[WhiteElo "2367"]
[BlackElo "2173"]
[Annotator "NA"]
[PlyCount "123"]
[EventDate "2019.06.23"]
[EventType "swiss"]
[EventCountry "ISR"]
[SourceTitle "playchess.com"]
[Source "ChessBase"]
[SourceQuality "1"]
[TimeControl "40/5400+30:1800+30"]

1. c4 c5 2. Nf3 g6 3. d4 Bg7 4. e4 Nc6 5. dxc5 Qa5+ 6. Bd2 Qxc5 7. Nc3 Nf6 8. Be2 O-O 9. O-O Qb6 10. Rb1 d6 11. Be3 Qc7 12. Nd2 b6 13. f3 Bb7 14. Qe1 Rad8 15. Qh4 Rfe8 16. Rbc1 Qb8 17. Rfe1 Nd7 18. Bf1 Nc5 19. a3 Nd4 20. Red1 e5 21. b4 Nce6 22. Nd5 Rd7 23. Nb1 Qd8 24. Qxd8 Rdxd8 25. Nbc3 Bc6 26. Bf2 Rb8 27. Nb5 Bxb5 28. cxb5 Kf8 29. Bxd4 exd4 30. Rc6 Red8 31. g3 Ke8 32. f4 Nf8 33. h4 Rb7 34. Kg2 h5 35. Kf3 Nh7 36. Bh3 Nf6 37. Nc7+ Kf8 38. a4 Ne8 39. Nd5 Nf6 40. Rxd4 Nxd5 41. Rxd5 Ke8 42. Bc8 Rb8 43. Bh3 Rb7 44. a5 Bf8 45. a6 Re7 46. e5 f5 47. exd6 Red7 48. Bxf5 gxf5 49. Rxf5 Bxd6 50. Rxh5 Bxb4 51. Kg4 Kf7 52. Rh7+ Kg8 53. Rxd7 Rxd7 54. h5 Rd5 55. Rc7 Rxb5 56. Rxa7 Ra5 57. f5 Ra3 58. h6 Bc3 59. Kh5 Bb2 60. g4 b5 61. Kg6 Kf8 62. f6 1-0

[Event "Netanya Open 2019"]
[Site "Netanya"]
[Date "2019.06.27"]
[Round "5.21"]
[White "Aizenberg, Benny"]
[Black "Shvayger, Yuliya"]
[Result "1-0"]
[ECO "B32"]
[WhiteElo "2156"]
[BlackElo "2361"]
[Annotator "NA"]
[PlyCount "133"]
[EventDate "2019.06.23"]
[EventType "swiss"]
[EventCountry "ISR"]
[SourceTitle "playchess.com"]
[Source "ChessBase"]
[SourceQuality "1"]
[TimeControl "40/5400+30:1800+30"]

1. e4 c5 2. Nf3 Nc6 3. d4 cxd4 4. Nxd4 Qb6 5. Nb3 Nf6 6. Be3 Qc7 7. Bd3 e6 8. O-O a6 9. N1d2 d6 10. a4 b6 11. f4 g6 12. Qf3 Bb7 13. Nc4 Nd7 14. a5 b5 15. Nb6 Nxb6 16. axb6 Qe7 17. e5 d5 18. Qf2 Bg7 19. Bc5 Qd8 20. Na5 Nxa5 21. Rxa5 f5 22. exf6 Qxf6 23. g4 Rc8 24. c3 Kd7 25. Bd4 Qe7 26. Bxg7 Qxg7 27. Rfa1 Qe7 28. Rxa6 Bxa6 29. Bxb5+ Bxb5 30. Ra7+ Kd8 31. Rxe7 Kxe7 32. b7 Rb8 33. Qc5+ Kf7 34. Qxb5 Rhe8 35. f5 gxf5 36. gxf5 Re7 37. fxe6+ Kxe6 38. c4 dxc4 39. Qc6+ Kf7 40. Qxc4+ Kg7 41. Qg4+ Kh8 42. Qc8+ Re8 43. Qc7 Rf8 44. h4 Rbe8 45. Qc3+ Kg8 46. h5 Kf7 47. Qc7+ Kf6 48. Qf4+ Ke6 49. Qh6+ Kf5 50. b8=Q Rxb8 51. Qxh7+ Kg4 52. b4 Rbe8 53. Qd3 Kxh5 54. b5 Kh4 55. b6 Ra8 56. Qd4+ Kh3 57. b7 Rad8 58. Qe3+ Kh4 59. Kh2 Kg4 60. Qe4+ Kg5 61. Kg3 Rde8 62. Qd5+ Rf5 63. Qd2+ Kh5 64. Qd1+ Kg5 65. Qg4+ Kf6 66. Qd4+ Kg5 67. Qg7+ 1-0

[Event "Netanya Open 2019"]
[Site "Netanya"]
[Date "2019.06.27"]
[Round "5.22"]
[White "Emanuel, Yahav"]
[Black "Kochavi, Ori"]
[Result "1-0"]
[ECO "B12"]
[WhiteElo "2359"]
[BlackElo "2152"]
[Annotator "NA"]
[PlyCount "57"]
[EventDate "2019.06.23"]
[EventType "swiss"]
[EventCountry "ISR"]
[SourceTitle "playchess.com"]
[Source "ChessBase"]
[SourceQuality "1"]
[TimeControl "40/5400+30:1800+30"]

1. e4 c6 2. d4 d5 3. e5 Bf5 4. c4 e6 5. Nc3 dxc4 6. Bxc4 Nd7 7. Nge2 Ne7 8. Ng3 Nb6 9. Bb3 Bg6 10. h4 h6 11. h5 Bh7 12. Be3 Ned5 13. Qg4 Qd7 14. Nge4 O-O-O 15. O-O Kb8 16. a4 a5 17. Nc5 Qc7 18. N3e4 Rg8 19. Bd2 f5 20. exf6 gxf6 21. Qh4 Bf5 22. f3 Bxc5 23. Nxc5 e5 24. Rf2 exd4 25. Qxd4 Qe5 26. Qxe5+ fxe5 27. Bxh6 Nf4 28. Bxf4 exf4 29. Bxg8 1-0

[Event "Netanya Open 2019"]
[Site "Netanya"]
[Date "2019.06.27"]
[Round "5.23"]
[White "Iliaguev, Nisim"]
[Black "Levi, Netanel"]
[Result "1/2-1/2"]
[ECO "E62"]
[WhiteElo "2357"]
[BlackElo "2143"]
[Annotator "NA"]
[PlyCount "177"]
[EventDate "2019.06.23"]
[EventType "swiss"]
[EventCountry "ISR"]
[SourceTitle "playchess.com"]
[Source "ChessBase"]
[SourceQuality "1"]
[TimeControl "40/5400+30:1800+30"]

1. d4 Nf6 2. c4 d6 3. g3 g6 4. Bg2 Bg7 5. Nf3 O-O 6. O-O c6 7. Nc3 Bf5 8. Qb3 Qb6 9. Qxb6 axb6 10. Nd2 e5 11. d5 Re8 12. e4 Bd7 13. b3 b5 14. Bb2 b4 15. Ne2 Na6 16. a3 cxd5 17. exd5 Bh6 18. f4 Ng4 19. Ne4 Bf8 20. fxe5 dxe5 21. Bf3 Bf5 22. axb4 Nxb4 23. N2c3 Kg7 24. Bxg4 Bxg4 25. Nf6 Bc5+ 26. Kg2 Nd3 27. Nxe8+ Rxe8 28. Ne4 f5 29. Nxc5 Nxc5 30. b4 Nd3 31. Bc3 Kh6 32. d6 Be2 33. Rfb1 f4 34. gxf4 exf4 35. Bf6 f3+ 36. Kg3 f2 37. h4 Re3+ 38. Kh2 Kh5 39. Bg5 Bd1 40. Rxd1 Re1 41. Rxd3 f1=Q 42. Rxe1 Qxd3 43. c5 h6 44. Be3 Qc3 45. Bf2 Qxb4 46. Kg2 Qg4+ 47. Bg3 Qd4 48. Bf2 Qd5+ 49. Kg3 b6 50. cxb6 Qxd6+ 51. Kg2 Kg4 52. Re4+ Kf5 53. Re3 Qc6+ 54. Kg3 g5 55. hxg5 hxg5 56. Rf3+ Kg6 57. Be3 Qe4 58. Kf2 g4 59. Rg3 Kh5 60. Kg1 Qb1+ 61. Kg2 Qc2+ 62. Bf2 Kg5 63. Kg1 Qd1+ 64. Kg2 Qd5+ 65. Kg1 Kf4 66. Kh2 Kf5 67. Kg1 Qd1+ 68. Kg2 Qd5+ 69. Kg1 Qd1+ 70. Kg2 Qb1 71. Kh2 Qf1 72. Rg2 Ke4 73. Bg3 Qb1 74. Bc7 Kf5 75. Rf2+ Kg5 76. Rg2 Qb3 77. Rg3 Qc2+ 78. Kg1 Qc1+ 79. Kg2 Qe1 80. Kh2 Qd2+ 81. Rg2 Qc3 82. Rg3 Qd2+ 83. Rg2 Qd5 84. Rg3 Qe4 85. Rg2 Kf5 86. Rf2+ Ke6 87. Rg2 Kd7 88. Rg3 Kc6 89. Rg2 1/2-1/2

[Event "Netanya Open 2019"]
[Site "Netanya"]
[Date "2019.06.27"]
[Round "5.24"]
[White "Hoffmann, Yair"]
[Black "Parkhov, Yair"]
[Result "1/2-1/2"]
[ECO "E63"]
[WhiteElo "2140"]
[BlackElo "2354"]
[Annotator "NA"]
[PlyCount "32"]
[EventDate "2019.06.23"]
[EventType "swiss"]
[EventCountry "ISR"]
[SourceTitle "playchess.com"]
[Source "ChessBase"]
[SourceQuality "1"]
[TimeControl "40/5400+30:1800+30"]

1. d4 Nf6 2. Nf3 g6 3. c4 Bg7 4. g3 O-O 5. Bg2 d6 6. O-O Nc6 7. Nc3 a6 8. Qd3 Nd7 9. b3 Rb8 10. Bb2 b5 11. e3 e5 12. Nd5 exd4 13. exd4 Nf6 14. Ne3 Ng4 15. Bc3 Nxe3 16. fxe3 Qe7 1/2-1/2

[Event "Netanya Open 2019"]
[Site "Netanya"]
[Date "2019.06.27"]
[Round "5.25"]
[White "Globus, Or"]
[Black "Katkov, Michelle"]
[Result "1-0"]
[ECO "A18"]
[WhiteElo "2352"]
[BlackElo "2112"]
[Annotator "NA"]
[PlyCount "41"]
[EventDate "2019.06.23"]
[EventType "swiss"]
[EventCountry "ISR"]
[SourceTitle "playchess.com"]
[Source "ChessBase"]
[SourceQuality "1"]
[TimeControl "40/5400+30:1800+30"]

1. c4 Nf6 2. Nc3 e6 3. e4 d5 4. cxd5 exd5 5. e5 d4 6. exf6 dxc3 7. Bb5+ Nc6 8. Qe2+ Be6 9. dxc3 gxf6 10. Bxc6+ bxc6 11. Nf3 Bg7 12. O-O O-O 13. Nd4 Qd6 14. Nxe6 fxe6 15. Rd1 Qe7 16. Qc4 Rad8 17. Be3 Rd5 18. Qxc6 Rfd8 19. Rxd5 Rxd5 20. Bxa7 Rd2 21. Bc5 1-0

[Event "Netanya Open 2019"]
[Site "Netanya"]
[Date "2019.06.27"]
[Round "5.26"]
[White "Pravdivetz, Vladimir"]
[Black "Sivan, Yaacov"]
[Result "0-1"]
[ECO "D48"]
[WhiteElo "1927"]
[BlackElo "2320"]
[Annotator "NA"]
[PlyCount "52"]
[EventDate "2019.06.23"]
[EventType "swiss"]
[EventCountry "ISR"]
[SourceTitle "playchess.com"]
[Source "ChessBase"]
[SourceQuality "1"]
[TimeControl "40/5400+30:1800+30"]

1. d4 Nf6 2. Nf3 d5 3. c4 c6 4. Nc3 e6 5. e3 Nbd7 6. Bd3 dxc4 7. Bxc4 b5 8. Bd3 a6 9. Ne4 c5 10. dxc5 Nxc5 11. Nxc5 Bxc5 12. O-O Bb7 13. Qe2 O-O 14. Rd1 Qe7 15. Bd2 e5 16. e4 Rfd8 17. Be1 Rd7 18. Bc2 Rad8 19. Rxd7 Rxd7 20. g3 Bb6 21. a3 Qe6 22. Kg2 Rc7 23. Bd3 Nd7 24. b4 Qb3 25. a4 bxa4 26. Bxa6 Ba8 0-1